 Dungeon Crawl Stone Soup version 0.18-a0-1203-gbde16db (webtiles) character file.

103 truemonolith the Magician (level 4, -3/24 HPs)
             Began as a Deep Elf Conjurer on Jan 30, 2016.
             Slain by a goblin (5 damage)
             ... led by Robin
             ... on level 2 of the Dungeon on Feb 1, 2016.
             The game lasted 00:04:44 (1811 turns).

truemonolith the Magician (Deep Elf Conjurer)       Turns: 1811, Time: 00:04:44

Health: -3/24      AC:  5    Str:  5    XL:     4   Next: 51%
Magic:  4/14       EV: 13    Int: 21    God:
Gold:   85         SH:  0    Dex: 15    Spells: 1 memorised, 15 levels left

rFire  . . .     SeeInvis +     (no weapon)
rCold  . . .     Gourm    .     k - +0 robe (curse)
rNeg   . . .     Faith    .     (no shield)
rPois  .         Spirit   .     e - +2 helmet {SInv}
rElec  .         Dismiss  .     (no cloak)
rCorr  .         Reflect  .     (no gloves)
SustAt .         Harm     .     (no boots)
MR     .....                    (no amulet)
Stlth  ++........               (no ring)
                                (no ring)

@: not resistant to hostile enchantments, unstealthy
A: no striking features
a: no special abilities


You were on level 2 of the Dungeon.
You were hungry.

You visited 1 branch of the dungeon, and saw 2 of its levels.

You collected 85 gold pieces.

Inventory:

Armour
 e - a +2 helmet of see invisible (worn)
 k - a cursed +0 robe (worn)
Wands
 a - a wand of fireball (11/15)
Scrolls
 i - 2 scrolls of magic mapping {unknown}
 j - 2 scrolls of identify {unknown}
 l - a scroll of enchant armour {unknown}
Potions
 f - a potion of ambrosia {unknown}
 g - 3 potions of curing {unknown}
 h - a potion of heal wounds {unknown}
Books
 b - a book of Conjurations

   Spells                             Type                      Level
   a - Magic Dart                     Conjuration                  1
   b - Searing Ray                    Conjuration                  2
   c - Dazzling Spray                 Conjuration/Hexes            3
   d - Fulminant Prism                Conjuration/Hexes            4
   e - Iskenderun's Mystic Blast      Conjuration                  4
   f - Iskenderun's Battlesphere      Conjuration/Charms           5
Comestibles
 c - 2 bread rations
 d - 2 slices of pizza


   Skills:
 - Level 2.4 Dodging
 - Level 2.4 Stealth
 + Level 6.5 Spellcasting
 - Level 4.3 Conjurations


You had 15 spell levels left.
You knew the following spells:

 Your Spells              Type           Power        Failure   Level  Hunger
a - Magic Dart            Conj           ####         1%          1    None


Dungeon Overview and Level Annotations

Branches:
Dungeon (2/15)

Altars:
Ru


Message History

The goblin hits you but does no damage. The goblin closely misses you.
Casting: Magic Dart
Confirm with . or Enter, or press ? or * to list all spells.
Aiming: Magic Dart
Press: ? - help, Shift-Dir - straight line, f - goblin
Aim: a goblin, wielding a dagger (consumed by blood-lust)
The magic dart hits the goblin.
The goblin is moderately wounded.
The goblin hits you.
* * * LOW HITPOINT WARNING * * *
The goblin closely misses you.
Casting: Magic Dart
Confirm with . or Enter, or press ? or * to list all spells.
Aiming: Magic Dart
Press: ? - help, Shift-Dir - straight line, f/p - goblin
Aim: a goblin, wielding a dagger (moderately wounded, consumed by blood-lust)
The magic dart hits the goblin.
You kill the goblin!
The goblin hits you.
You die...

## #. ## #.#
.#### #)#
(...# ##
#.######).#
#. ..#
#.....)@..#
#.##.#
#...(.g#).#
###..#.#
#..###.#....#
.....#.# #..#
#...####
.##..#.###.)#
#####
.........>..#
..#.........#
..#.##.######
#.# #......#


You could see a goblin (frenzied).

Vanquished Creatures
  Robin (D:2)
  4 adders (D:2)
  An ooze (D:1)
  A giant gecko (D:1)
  3 giant cockroaches
  11 goblins
  8 hobgoblins
  4 kobolds (D:1)
  A quokka (D:2)
  3 ball pythons
  4 bats (D:1)
  4 giant newts
  4 rats
49 creatures vanquished.

Notes
Turn   | Place    | Note
--------------------------------------------------------------
     0 | D:1      | truemonolith the Deep Elf Conjurer began the quest for the Orb.
     0 | D:1      | Reached XP level 1. HP: 10/10 MP: 6/6
     0 | D:1      | Noticed a purple draconian
     0 | D:1      | Noticed an ice dragon
     1 | D:1      | Noticed a large abomination
     3 | D:1      | Noticed an iron dragon
     3 | D:1      | Noticed an iron dragon
     6 | D:1      | Noticed a large abomination
     7 | D:1      | Noticed an ice dragon
    10 | D:1      | Noticed a large abomination
    12 | D:1      | Noticed a large abomination
    12 | D:1      | Noticed a tentacled monstrosity
    13 | D:1      | Noticed a red draconian
    14 | D:1      | Noticed an orb of fire
    16 | D:1      | Noticed a tentacled monstrosity
    16 | D:1      | Noticed a purple draconian
    16 | D:1      | Noticed an iron dragon
    18 | D:1      | Noticed an orb of fire
    20 | D:1      | Noticed a large abomination
   266 | D:1      | Reached XP level 2. HP: 13/15 MP: 0/9
   509 | D:1      | You fall through a shaft!
   530 | D:2      | Found a sacrificial altar of Ru.
   935 | D:1      | Reached XP level 3. HP: 19/19 MP: 8/11
   944 | D:1      | Reached skill level 5 in Spellcasting
  1045 | D:1      | Upgraded the game from 0.18-a0-1197-g8004e50 to 0.18-a0-1203-gbde16db
  1617 | D:2      | Reached XP level 4. HP: 24/24 MP: 11/13
  1681 | D:2      | Reached skill level 6 in Spellcasting
  1802 | D:2      | Noticed Robin
  1808 | D:2      | Killed Robin
  1811 | D:2      | Slain by a goblin

Vault maps used:
D:1:      shiori_arrival_whats_in_store_for_you
D:2:      overflow_temple_1_default, first_bread, glass_columns_a,
          minmay_box_of_dots, uniq_crazy_yiuf_cottage, uniq_robin

Action                   |  1- 3 |  4- 6 || total
-------------------------+-------+-------++-------
Melee: Unarmed           |       |     1 ||     1
 Cast: Magic Dart        |    69 |    26 ||    95
  Use: Scroll            |     1 |       ||     1
  Eat: Chunk             |     2 |       ||     2
